 Dungeon Crawl Stone Soup version 0.29.1-2-gbd0b4ee654 (webtiles) character file.

Game seed: 7912758227499387025

38 raph the Slasher (level 3, 0/31 HPs)
             Began as a Minotaur Berserker on Nov 27, 2022.
             Was a Follower of Trog.
             Slain by Natasha (3 damage)
             ... on level 2 of the Dungeon.
             The game lasted 00:02:36 (1917 turns).

raph the Slasher (Minotaur Berserker)               Turns: 1917, Time: 00:02:37

Health: 0/31       AC:  6    Str: 21    XL:     3   Next: 25%
Magic:  2/2        EV: 10    Int:  4    God:    Trog [*.....]
Gold:   19         SH:  0    Dex: 11    Spells: 2/2 levels left

rFire   . . .      SeeInvis .   a - +1 falchion
rCold   . . .      Faith    .   (no shield)
rNeg    . . .      Spirit   .   d - +0 scale mail
rPois   .          Reflect  .   (helmet restricted)
rElec   .          Harm     .   (no cloak)
rCorr   .          Rampage  .   (no gloves)
Will    .....                   (no boots)
Stlth   ..........              (no amulet)
HPRegen 0.10/turn               (no ring)
MPRegen 0.08/turn               (no ring)

@: mighty, on berserk cooldown, slowed, very slow
A: horns 2, retaliatory headbutt
a: Renounce Religion, Berserk


You were on level 2 of the Dungeon.
You worshipped Trog.
Trog was aware of your devotion.
You visited 1 branch of the dungeon, and saw 2 of its levels.

You collected 19 gold pieces.

Inventory:

Hand Weapons
 a - a +1 falchion (weapon)
Armour
 b - a +0 animal skin
 d - a +0 scale mail (worn)
Potions
 c - a potion of might
 e - a potion of resistance {unknown}
 f - a potion of brilliance


   Skills:
 - Level 3.6 Fighting
 + Level 5.3 Long Blades
 - Level 2.4 Armour
 - Level 2.1 Dodging


You had 2 spell levels left.
You didn't know any spells.
Your spell library was empty.

Dungeon Overview and Level Annotations

Branches:
Dungeon (2/15)

Altars:

Annotations:
D:2 Natasha


Innate Abilities, Weirdness & Mutations

You have a pair of horns on your head.
You reflexively headbutt those who attack you in melee.


Message History

A goblin comes into view. It is wielding a +0 dagger.
The goblin shouts!
You feel a strong urge to attack something.
Natasha drinks a potion.
Natasha's spells are empowered!
You are no longer berserk.
You are exhausted.
You feel yourself slow down. Natasha barely misses you.
You closely miss Natasha. Your headbutt misses Natasha. Natasha claws you.
You miss Natasha. You headbutt Natasha!
Natasha is severely wounded.
Natasha claws you.
Natasha stares at you and mumbles some strange words.
You feel as though you will be slow longer.
You barely miss Natasha. Your headbutt misses Natasha.
Natasha is heavily wounded.
The goblin misses you. Natasha claws you. The goblin misses you.
You hit Natasha.
Natasha is heavily wounded.
Natasha barely misses you. The goblin hits you with a +0 dagger.
Natasha claws you.
* * * LOW HITPOINT WARNING * * *
You are too injured to fight recklessly!
You are too injured to fight recklessly!
The goblin closely misses you. x2; Natasha closely misses you.
You aren't carrying any scrolls.
The goblin attacks as you move away! The goblin hits you with a +0 dagger.
* * * LOW HITPOINT WARNING * * *
You barely miss Natasha.
Natasha is heavily wounded.
The goblin closely misses you. Natasha claws you.
* * * LOW HITPOINT WARNING * * *
Natasha barely misses you. The goblin closely misses you.
You feel very mighty all of a sudden.
Natasha seems less brilliant.
Natasha closely misses you. The goblin completely misses you.
You furiously retaliate!
You headbutt the goblin!!
You kill the goblin!
Trog accepts your kill. Natasha claws you.
You die...

#..
#.....††...#
##
#..........#
#......#'###
#......#.#
#......#.#
##...###+##
###?.†...#
#......#
#.@....#
#.)h...#
#......#
#......#
####...#
...# .$.#
...# ...#


You could see Natasha.

Vanquished Creatures
  2 worms (D:2)
  A dart slug (D:1)
  5 ball pythons (D:1)
  2 endoplasms (D:1)
  A giant cockroach (D:2)
  5 goblins
  2 hobgoblins (D:1)
  A kobold (D:1)
  2 quokkas (D:2)
  4 bats
  2 frilled lizards (D:1)
  3 rats
30 creatures vanquished.

Notes
Turn   | Place    | Note
-------+----------+-------------------------------------------
     0 | D:1      | raph the Minotaur Berserker began the quest for the Orb.
     0 | D:1      | Reached XP level 1. HP: 19/19 MP: 0/0
     2 | D:1      | Noticed a minotaur
     2 | D:1      | Noticed a troll
     4 | D:1      | Noticed an elf
     6 | D:1      | Noticed a vampire
     6 | D:1      | Noticed a meteoran
     8 | D:1      | Noticed a demigod
     8 | D:1      | Noticed an octopode
    10 | D:1      | Noticed a formicid
    10 | D:1      | Noticed a human
    12 | D:1      | Noticed a vine stalker
    12 | D:1      | Noticed a naga
    14 | D:1      | Noticed a gargoyle
    16 | D:1      | Noticed a ghoul
    16 | D:1      | Noticed a demonspawn
    18 | D:1      | Noticed a palentonga
    18 | D:1      | Noticed an ogre
    20 | D:1      | Noticed a tengu
    20 | D:1      | Noticed a merfolk
    22 | D:1      | Noticed a felid
    24 | D:1      | Noticed a troll
    24 | D:1      | Noticed a spriggan
    26 | D:1      | Noticed a meteoran
   311 | D:1      | Reached skill level 4 in Long Blades
   442 | D:1      | Reached XP level 2. HP: 25/26 MP: 1/1
  1445 | D:2      | Reached skill level 5 in Long Blades
  1773 | D:2      | Reached XP level 3. HP: 31/31 MP: 2/2
  1902 | D:2      | Noticed Natasha
  1917 | D:2      | Slain by Natasha

Illustrated notes

Levels and vault maps discovered:
D:1:      kb_arrival_jail, layout_loops_ring, st_stairs_8
D:2:      layout_basic, serial_shops, nicolae_shop_trees, minmay_hexomino_r4,
          uniq_natasha

Skill      XL: |  1  2 |
---------------+-------+-----
Long Blades    | 4 5 |  5.3
Fighting       | |  3.6
Armour         | |  2.4
Dodging        | |  2.1

Action                   || total
-------------------------++-------
Melee: Falchion          ||    60
       Headbutt          ||     9
Invok: Berserk           ||     2
  Use: Scroll            ||     6
       Potion            ||     1
Armor: Animal skin       ||    10
       Scale mail        ||    18
Dodge: Dodged            ||    50
